 Dungeon Crawl Stone Soup version 0.29-a0-96-g93358da72b (webtiles) character file.

Game seed: 10565322065028196894

98 dracfodder the Ruffian (level 4, 0/35 HPs)
             Began as a Draconian Transmuter on Feb 10, 2022.
             Slain by a gnoll (2 damage)
             ... on level 3 of the Dungeon.
             The game lasted 00:09:23 (2067 turns).

dracfodder the Ruffian (Draconian Transmuter)       Turns: 2067, Time: 00:09:24

Health: 0/35       AC:  5    Str: 12    XL:     4   Next: 44%
Magic:  5/8        EV: 12    Int: 16    God:
Gold:   65         SH:  0    Dex: 11    Spells: 2/8 levels left

rFire   . . .      SeeInvis .     - Unarmed
rCold   . . .      Faith    .   (no shield)
rNeg    . . .      Spirit   .   (armour unavailable)
rPois   .          Reflect  .   (helmet currently unavailable)
rElec   .          Harm     .   (no cloak)
rCorr   .          Rampage  .   (no gloves)
Will    .....                   (boots currently unavailable)
Stlth   ++........              (no amulet)
HPRegen 0.11/turn               (no ring)
MPRegen 0.11/turn               (no ring)

@: appendages, wereblooded
A: horns 2, talons 2, AC +5, unfitting armour, cold-blooded
a: End Transformation


You were on level 3 of the Dungeon.
You had temporarily grown beastly horns and talons.
You visited 1 branch of the dungeon, and saw 3 of its levels.

You collected 65 gold pieces.

Inventory:

Missiles
 a - 10 sling bullets
 b - 48 stones
 c - 24 bolts
 e - 30 arrows
Scrolls
 d - a scroll of identify {unknown}
Potions
 f - a potion of magic {unknown}
 g - a potion of flight {unknown}


   Skills:
 + Level 1.1 Fighting
 + Level 2.0 Dodging
 + Level 1.2 Stealth
 * Level 4.1 Unarmed Combat
 + Level 2.8 Spellcasting
 * Level 2.4 Transmutations


You had 2 spell levels left.
You knew the following spells:

 Your Spells              Type           Power      Damage    Failure   Level
a - Beastly Appendage     Tmut           20%        N/A       7%          1
b - Wereblood             Tmut           10%        N/A       11%         2
c - Spider Form           Tmut/Pois      6%         N/A       34%         3

Your spell library contained the following spells:

 Spells                   Type           Power      Damage    Failure   Level
 Sting                    Tmut/Pois      24%        1d4       12%         1
 Poisonous Vapours        Pois/Air       4%         N/A       28%         2
 Gell's Gravitas          Tloc           2%         N/A       50%         3
 Lesser Beckoning         Tloc           2%         N/A       50%         3
 Teleport Other           Tloc           2%         N/A       50%         3
 Ice Form                 Ice/Tmut       6%         N/A       75%         4
 Olgreb's Toxic Radiance  Pois           2%         N/A       88%         4


Dungeon Overview and Level Annotations

Branches:
Dungeon (3/15)

Altars:


Innate Abilities, Weirdness & Mutations

You have temporarily grown beastly horns and talons.
Your plain brown scales are hard. (AC +5)
You cannot fit into any form of body armour.
You are cold-blooded and may be slowed by cold attacks.


Message History

You start resting.
HP restored.
You see here a +0 club.
There is a stone staircase leading down here.
Casting: Beastly Appendage (safe; 7% risk of failure)
Press: ? - help, Q - select action, (/) - cycle Dir - look around, f - activate You grow a pair of large bovine horns.
Your feet morph into talons.
You climb downwards.
The gnoll hits you but does no damage. The gnoll closely misses you.
The gnoll hits you from afar with a +0 spear.
There is a stone staircase leading up, spattered with blood here.
Casting: Beastly Appendage (safe; 7% risk of failure)
Confirm with . or Enter, or press ? or * to list all spells.
Your blood is infused with primal strength.
The gnoll hits you with a +0 club.
The gnoll hits you from afar with a +0 spear.
You hit the gnoll. You claw the gnoll.
The gnoll is heavily wounded.
The gnoll hits you with a +0 club.
The gnoll hits you from afar with a +0 spear.
You barely miss the gnoll. You claw the gnoll, but do no damage.
The gnoll is heavily wounded.
The gnoll barely misses you.
A gnoll comes into view. It is wielding a +0 spear.
The gnoll barely misses you. The gnoll hits you with a +0 club.
The gnoll closely misses you.
You hit the gnoll. Your kick misses the gnoll. Your headbutt misses the gnoll.
You tail-slap the gnoll, but do no damage.
The gnoll is severely wounded.
A gnoll comes into view. It is wielding a +0 spear.
The gnoll closely misses you. The gnoll hits you but does no damage.
The gnoll misses you. The gnoll completely misses you.
You hit the gnoll but do no damage. Your kick misses the gnoll.
The gnoll is severely wounded.
The gnoll barely misses you. The gnoll hits you with a +0 flail!
* * * LOW HITPOINT WARNING * * *
The gnoll misses you.
The gnoll hits you from afar with a +1 vorpal spear.
* * * LOW HITPOINT WARNING * * *
You die...

....#
###
....
..##...
.....
....


gg# #g# #@# #g# gJ# .... ...## ###. #. #. You could see 5 gnolls and an
endoplasm.

Vanquished Creatures
  An adder (D:3)
  4 gnolls (D:2)
  A worm (D:2)
  2 dart slugs
  5 bats
  4 endoplasms (D:1)
  3 giant cockroaches
  4 goblins
  5 hobgoblins
  2 quokkas (D:1)
  4 ball pythons
  A frilled lizard (D:1)
  3 kobolds (D:1)
  4 rats
43 creatures vanquished.

Notes
Turn   | Place    | Note
-------+----------+-------------------------------------------
     0 | D:1      | dracfodder the Draconian Transmuter began the quest for the
                  | Orb.
     0 | D:1      | Reached XP level 1. HP: 16/16 MP: 3/3
   166 | D:1      | Reached XP level 2. HP: 21/23 MP: 3/5
  1015 | D:1      | Reached XP level 3. HP: 28/28 MP: 4/6
  1177 | D:1      | Reached skill level 1 in Stealth
  1375 | D:2      | HP: 1/28 [gnoll (4)]
  1384 | D:2      | Reached skill level 4 in Unarmed Combat
  1474 | D:2      | Reached XP level 4. HP: 26/35 MP: 5/8
  1477 | D:2      | Learned a level 2 spell: Wereblood
  1481 | D:2      | Learned a level 3 spell: Spider Form
  2067 | D:3      | Slain by a gnoll

Illustrated notes

Levels and vault maps discovered:
D:1:      lightli_arrival_statue_moat, layout_basic, grunt_decor_clamped
D:2:      layout_loops_ring, minmay_tiny_reverse_x
D:3:      layout_basic, nemelex_dance_club_becter, gammafunk_ghost_cemetery,
          nicolae_ecumenical_lake_church, chequers_big_river,
          serial_bayou_ford_a

Skill      XL: |  1  2  3  4 |
---------------+-------------+-----
Stealth        | 1 |  1.2
Unarmed Combat | 4 |  4.1
Dodging        | 2 |  2.0
Fighting       | |  1.1
Spellcasting   | |  2.8
Transmutations | |  2.4

Action                   |  1- 3 |  4- 6 || total
-------------------------+-------+-------++-------
Melee: Unarmed           |    91 |    35 ||   126
       Headbutt          |     6 |     2 ||     8
       Tailslap          |     6 |     5 ||    11
       Kick              |    14 |     9 ||    23
       Punch             |     3 |       ||     3
 Cast: Beastly Appendage |    23 |     5 ||    28
       Wereblood         |       |     3 ||     3
  Use: Potion            |     1 |       ||     1
 Stab: Sleeping          |     3 |       ||     3
Armor: Skin              |    30 |    18 ||    48
Dodge: Dodged            |    67 |    41 ||   108

Table legend: (Time is in decaauts)
 A = Elapsed time spent in this place.
 B = Non-inter-level travel time spent in this place.
 C = Inter-level travel time spent in this place.
 D = Time resting spent in this place.
 E = Time spent auto-exploring this place.
 F = Levels seen in this place.
 G = Mean time per level.
                   A        B        C        D        E       F      G
               +--------+--------+--------+--------+--------+-----+--------+
         Total |   2058 |   2025 |     33 |    741 |    951 |   3 |  686.0 |
       Dungeon |   2058 |   2025 |     33 |    741 |    951 |   3 |  686.0 |
               +--------+--------+--------+--------+--------+-----+--------+

Top non-repeatable levels by time:
     D:1: 1314 daAuts
     D:2: 725 daAuts
     D:3: 19 daAuts
